 Dungeon Crawl Stone Soup version 0.30-a0-591-g3c58d2bc28 (webtiles) character file.

Game seed: 2913587899687791196

55087 tsouns the Fighter (level 14, -15/132 HPs)
             Began as a Ghoul Monk on Jan 4, 2023.
             Was the Champion of Makhleb.
             Demolished by an ettin
             ... wielding a +0 dire flail
              (18 damage)
             ... on level 2 of the Orcish Mines on Jan 5, 2023.
             The game lasted 00:32:44 (15695 turns).

tsouns the Fighter (Ghoul Monk)                    Turns: 15695, Time: 00:32:45

Health: -15/132    AC: 15    Str: 20    XL:     14   Next: 75%
Magic:  0/22       EV: 17    Int:  9    God:    Makhleb [******]
Gold:   1745       SH:  6    Dex: 11    Spells: 5/13 levels left

rFire   + . .      SeeInvis .    o - +11 short sword of Huirim {drain, Drain rF+ Will+ Str+4}
rCold   + . .      Faith    .    t - +0 buckler
rNeg    + + +      Spirit   +    z - +1 robe of Vines {NoPotionHeal Regen++++}
rPois   ∞          Reflect  .    q - +1 helmet
rElec   .          Harm     .    f - +1 cloak
rCorr   .          Rampage  .    J - +2 pair of gloves
Will    ++...                    N - +0 pair of boots
Stlth   +++                      e - amulet of guardian spirit
HPRegen 0.00/turn                O - +5 ring of evasion
MPRegen 0.18/turn                D - +4 ring of protection

@: inhibited regen
A: claws 1, cold resistance 1, negative energy resistance 3, inhibited
regeneration, torment resistance 2, devour on kill
a: Renounce Religion, Minor Destruction, Lesser Servant of Makhleb, Major
Destruction, Greater Servant of Makhleb


You were on level 2 of the Orcish Mines.
You worshipped Makhleb.
Makhleb was exalted by your worship.
You visited 4 branches of the dungeon, and saw 18 of its levels.

You collected 1805 gold pieces.
You spent 60 gold pieces at shops.

Inventory:

Hand Weapons
 h - a +1 dagger of electrocution
 o - the +11 short sword of Huirim (weapon) {drain, Drain rF+ Will+ Str+4}
   (You took it off a hobgoblin on level 3 of the Dungeon)

   Str:       It affects your strength (+4).
   rF:        It protects you from fire.
   Drain:     It drains your maximum health when unequipped.
   Will:      It increases your willpower.
 I - a +0 heavy bardiche
Missiles
 g - 3 throwing nets (quivered)
Armour
 f - a +1 cloak (worn)
 q - a +1 helmet (worn)
 r - a +2 robe of willpower
 t - a +0 buckler (worn)
 z - the +1 robe of Vines (worn) {NoPotionHeal Regen++++}
   (You found it on level 6 of the Dungeon)

   Its wearer cannot be healed by potions.
   Regen:     It increases your rate of health regeneration.
 J - a +2 pair of gloves (worn)
 N - a +0 pair of boots (worn)
Jewellery
 c - a +6 ring of dexterity
 e - an amulet of guardian spirit (around neck)
 y - a ring of ice
 D - a +4 ring of protection (right hand)
 F - a ring of flight
 O - a +5 ring of evasion (left hand)
Wands
 l - a wand of polymorph (26)
 s - a wand of flame (13)
 A - a wand of paralysis (11)
 B - a wand of mindburst (7)
 K - a wand of iceblast (5)
Scrolls
 u - 7 scrolls of vulnerability
 C - a scroll of magic mapping
 E - a scroll of torment
 G - a scroll of butterflies
 H - 3 scrolls of teleportation
 M - a scroll of amnesia
 P - 2 scrolls of enchant weapon
Potions
 a - 3 potions of might
 b - 3 potions of ambrosia
 d - 4 potions of cancellation
 j - 4 potions of degeneration
 k - 6 potions of curing
 m - 2 potions of flight
 n - 4 potions of heal wounds
 p - a potion of berserk rage
 v - 9 potions of mutation
 w - a potion of lignification
 x - 2 potions of brilliance
 L - a potion of attraction


   Skills:
 + Level 14.1 Fighting
 - Level 11.5 Short Blades
 - Level 2.6 Dodging
 - Level 6.1 Stealth
 + Level 11.0 Shields
 + Level 9.0 Unarmed Combat
 + Level 12.3 Invocations


You had 5 spell levels left.
You knew the following spells:

 Your Spells              Type           Power      Damage    Failure   Level
a - Ensorcelled Hibernat  Hex/Ice        0%         N/A       58%         2
b - Apportation           Tloc           0%         N/A       43%         1
c - Necrotise             Necr           0%         1d4       43%         1
d - Summon Small Mammal   Summ           0%         N/A       43%         1
e - Frozen Ramparts       Ice            0%         1d1       82%         3

Your spell library contained the following spells:

 Spells                   Type           Power      Damage    Failure   Level
 Sandblast                Erth           0%         2d4       43%         1
 Cigotuvi's Dreadful Rot  Necr/Pois/Air  0%         N/A       58%         2
 Passwall                 Tmut/Erth      0%         N/A       58%         2
 Call Canine Familiar     Summ           0%         N/A       82%         3
 Ignite Poison            Fire/Tmut/Pois 0%         N/A       82%         3
 Inner Flame              Hex/Fire       0%         N/A       82%         3
 Kindle Blastsparks       Fire/Tloc/Air  0%         2d10      82%         3
 Stone Arrow              Conj/Erth      0%         3d7       82%         3
 Summon Guardian Golem    Hex/Summ       0%         N/A       82%         3
 Anguish                  Hex/Necr       0%         N/A       99%         4
 Dispel Undead            Necr           0%         3d6       99%         4
 Flame Wave               Conj/Fire      0%         2d4       99%         4
 Sticky Flame             Conj/Fire      0%         2d3       99%         4
 Summon Ice Beast         Ice/Summ       0%         N/A       99%         4
 Freezing Cloud           Conj/Ice/Air   0%         6-21      100%        5
 Lightning Bolt           Conj/Air       0%         1d11      100%        5
 Death Channel            Necr           0%         N/A       100%        6
 Infestation              Necr           0%         N/A       100%        8
 Spider Form              Tmut/Pois      Unusable   N/A       N/A         3
 Ice Form                 Ice/Tmut       Unusable   N/A       N/A         4
 Storm Form               Tmut/Air       Unusable   N/A       N/A         7

Dungeon Overview and Level Annotations

Branches:
Dungeon (10/15)            Temple (1/1) D:7            Lair (5/5) D:10
  Swamp (0/4) Lair:2        Snake (0/4) Lair:2        Slime (0/5) Lair:4
    Orc (2/2) D:10            Elf (0/3) Orc:2

Altars:
Ashenzari
Cheibriados
Dithmenos
Fedhas
Gozag
Hepliaklqana
Kikubaaqudgha
Makhleb
Nemelex Xobeh
Okawaru
Qazlal
Ru
Sif Muna
Trog
Uskayaw
Vehumet
Wu Jian
Xom
Yredelemnul
Jiyva

Shops:
D:1 ?   D:3 ?

Portals:
Hell: Lair:5

Annotations:
D:10 3 runed translucent doors, kipponium's ghost, journeyman GnWn


Innate Abilities, Weirdness & Mutations

You are immune to poison.
You have sharp fingernails.
Your flesh is cold resistant. (rC+)
You are immune to negative energy. (rN+++)
You do not regenerate when monsters are visible.
You are immune to unholy pain and torment.
You thrive by killing the living.


Message History

You hit the orc. You drain the orc.
You kill the orc!
Makhleb accepts your kill.
You feel better.
You hit the orc wizard.
The orc wizard is lightly wounded.
You are too injured to fight recklessly!
You are too injured to fight recklessly!
You are too injured to fight recklessly!
You hit the orc wizard.
The orc wizard is moderately wounded.
The orc wizard barely misses you.
You barely miss the orc wizard.
The orc wizard is moderately wounded.
You hit the orc wizard.
The orc wizard is severely wounded.
The orc wizard hits you with a +0 dagger of freezing.
You puncture the orc wizard!
You kill the orc wizard!
Makhleb accepts your kill.
You feel better.
You puncture the ettin! You drain the ettin.
The ettin is heavily wounded.
The ettin hits you with a +0 dire flail!!
The ettin barely misses you.
You hit the ettin. You drain the ettin.
The ettin is heavily wounded.
You hit the ettin. You drain the ettin.
The ettin is heavily wounded.
The ettin hits you with a +0 dire flail!!
* * * LOW HITPOINT WARNING * * *
The ettin hits you with a +0 dire flail!!
* * * LOW HITPOINT WARNING * * *
You hit the ettin. You drain the ettin.
The ettin is severely wounded.
You hit the ettin.
The ettin is severely wounded.
You block the ettin's attack.
The ettin hits you with a +0 dire flail!!
You die...

## ## #..##....... #.. ##.
#.##........ .. ##.##...
####........... ....##....#.##
##....)......###
#............#####........#####..
##...#.......##.###..#.##..#.....
#................#.....#....#....
...#.#.._........C#.....##..#.#..
....#..........#@#...............
..............####..#......#..###
...........).## ###......#.#∩∩...
........)).### #....#..##.......
........#...# #..............##
........##.## #..............#.
...##...#### #..o.......#8....
...#....# #....#....##.....
........####### #.........##...#.


You could see an ettin (drained).

Vanquished Creatures
  A dire elephant (Lair:5)
  4 hydras
  Harold (Lair:2)
  A catoblepas (Lair:5)
  A two-headed ogre (Orc:2)
  A boulder beetle (Lair:5)
  2 ghost crabs (Lair:2)
  16 death yaks
  A spectral catoblepas (Lair:2)
  A sixfirhy (Lair:5)
  Pikel (D:9)
  A wizard (Lair:5)
  A deep elf pyromancer (D:10)
  2 orc knights
  A manticore (Lair:5)
  A salamander (Lair:2)
  4 elephants
  7 black mambas
  16 cane toads
  3 orange demons (Lair:5)
  An unseen horror (D:10)
  A torpor snail (Lair:2)
  A kobold demonologist (D:10)
  4 rime drakes
  4 komodo dragons
  A red devil (Lair:5)
  An ice devil (Lair:5)
  A hellwing (Lair:5)
  3 trolls
  A hornet (D:9)
  11 saltlings (Orc:2)
  A polar bear (Lair:3)
  9 blink frogs (Lair:1)
  A spectral black mamba (Lair:2)
  A spectral lindwurm (Lair:2)
  A wraith (D:9)
  6 wyverns
  49 yaks
  3 basilisks
  2 spectral komodo dragons (Lair:2)
  A steam dragon (D:6)
  3 hell hounds (Lair:5)
  10 water moccasins
  13 orc warriors
  3 sky beasts
  A black bear (D:7)
  9 wolves
  3 ogres
  4 centaurs
  4 lemures (D:9)
  5 bullfrogs
  2 gnoll sergeants (D:9)
  A scorpion (D:4)
  2 necrophages (D:6)
  21 wights
  6 killer bees (D:9)
  8 howler monkeys
  3 lava snakes (Lair:2)
  4 crimson imps (D:10)
  8 orc priests
  4 hounds
  8 jellies
  2 iguanas
  24 orc wizards
  Ijyb (D:4)
  4 hell rats (Lair:3)
  7 gnolls (D:9)
  12 adders
  2 shadow imps
  2 ufetubi
  3 worms
  5 dart slugs
  75 orcs
  4 bats
  7 endoplasms
  3 giant cockroaches
  9 goblins
  7 hobgoblins
  2 jackals (D:2)
  7 kobolds
  5 quokkas
  5 ball pythons
  5 frilled lizards
  5 rats
  15 pillars of salt (Orc:2)
502 creatures vanquished.

Vanquished Creatures (collateral kills)
  2 hell hounds (Lair:5)
2 creatures vanquished.

Vanquished Creatures (others)
  20 fungi
  2 pillars of salt (Orc:2)
  13 plants
35 creatures vanquished.

Grand Total: 539 creatures vanquished

Notes
Turn   | Place    | Note
-------+----------+-------------------------------------------
     0 | D:1      | tsouns the Ghoul Monk began the quest for the Orb.
     0 | D:1      | Reached XP level 1. HP: 19/19 MP: 0/0
    62 | D:1      | Found Kybumn's Magic Scroll Boutique.
   128 | D:1      | Reached XP level 2. HP: 26/26 MP: 1/1
   454 | D:1      | Reached XP level 3. HP: 32/33 MP: 2/2
   558 | D:1      | Reached skill level 4 in Fighting
  1192 | D:2      | Reached XP level 4. HP: 40/40 MP: 3/3
  1671 | D:3      | Reached skill level 5 in Unarmed Combat
  1671 | D:3      | Found a faded altar of an unknown god.
  1819 | D:3      | Reached XP level 5. HP: 38/47 MP: 4/4
  1880 | D:3      | Found Ublikh's Magic Scroll Shoppe.
  1894 | D:3      | Bought a scroll of identify for 20 gold pieces
  1894 | D:3      | Bought a scroll of identify for 20 gold pieces
  1894 | D:3      | Bought a scroll of identify for 20 gold pieces
  2163 | D:3      | Identified the +11 short sword of Huirim {drain, Drain rF+
                  | Will+ Str+4}
  2492 | D:4      | Found a radiant altar of Vehumet.
  2504 | D:3      | Reached skill level 1 in Short Blades
  2554 | D:4      | Noticed Ijyb
  2568 | D:4      | Killed Ijyb
  2648 | D:4      | Reached XP level 6. HP: 53/53 MP: 5/5
  2670 | D:4      | Reached skill level 5 in Fighting
  2824 | D:4      | Reached XP level 7. HP: 61/61 MP: 6/6
  2888 | D:4      | Learned a level 2 spell: Ensorcelled Hibernation
  2957 | D:4      | Found a broken altar of Ashenzari.
  3179 | D:4      | Noticed an angel
  3223 | D:5      | Entered Level 5 of the Dungeon
  3237 | D:5      | Found an ancient bone altar of Kikubaaqudgha.
  3357 | D:5      | Found an ornate altar of the Wu Jian Council.
  3424 | D:5      | Found a hazy altar of Hepliaklqana.
  3767 | D:6      | Found an opulent altar of Gozag.
  3809 | D:6      | Reached XP level 8. HP: 67/69 MP: 7/7
  3842 | D:6      | Reached skill level 1 in Shields
  3845 | D:6      | Found the +1 robe of Vines {NoPotionHeal Regen++++}
  4172 | D:6      | Reached skill level 6 in Fighting
  4176 | D:6      | Reached skill level 5 in Stealth
  4429 | D:6      | Reached skill level 5 in Short Blades
  4460 | D:6      | Reached XP level 9. HP: 61/78 MP: 5/8
  5216 | D:6      | Learned a level 1 spell: Apportation
  5218 | D:6      | Learned a level 1 spell: Necrotise
  5220 | D:6      | Learned a level 1 spell: Summon Small Mammal
  5224 | D:6      | Learned a level 3 spell: Frozen Ramparts
  5260 | D:7      | Found a staircase to the Ecumenical Temple.
  5269 | Temple   | Entered the Ecumenical Temple
  5466 | Temple   | Became a worshipper of Makhleb the Destroyer
  5466 | Temple   | Reached * piety under Makhleb
  5466 | Temple   | Reached ** piety under Makhleb
  5496 | D:7      | Reached skill level 7 in Fighting
  5684 | D:7      | Reached skill level 1 in Invocations
  5813 | D:8      | Found a hide-covered altar of Uskayaw.
  5863 | D:8      | Found a snail-covered altar of Cheibriados.
  5988 | D:8      | Reached XP level 10. HP: 75/86 MP: 10/10
  6210 | D:8      | Found an iron altar of Okawaru.
  6280 | D:8      | Reached skill level 8 in Fighting
  6568 | D:9      | Reached skill level 5 in Shields
  6739 | D:9      | Reached *** piety under Makhleb
  6802 | D:9      | Reached skill level 5 in Invocations
  6824 | D:9      | Reached skill level 9 in Fighting
  7036 | D:9      | Reached XP level 11. HP: 76/97 MP: 11/14
  7410 | D:9      | Noticed Pikel
  7463 | D:9      | Killed Pikel
  7593 | D:10     | Entered Level 10 of the Dungeon
  7673 | D:10     | Noticed a deep elf pyromancer
  7673 | D:10     | Noticed a seven-headed hydra
  7694 | D:10     | Killed a deep elf pyromancer
  7713 | D:10     | Reached **** piety under Makhleb
  7911 | D:10     | Got the Parchment of Voltage and Diablerie
  7949 | D:10     | Found a basalt altar of Yredelemnul.
  7952 | D:10     | Found a sparkling altar of Nemelex Xobeh.
  8075 | D:10     | Found a staircase to the Orcish Mines.
  8075 | D:10     | Noticed an orc knight
  8153 | D:10     | Killed an orc knight
  8154 | D:10     | Reached skill level 10 in Fighting
  8242 | D:10     | Found a staircase to the Lair.
  8326 | D:10     | Reached ***** piety under Makhleb
  8506 | D:10     | Found a shimmering altar of Xom.
  8535 | D:10     | Found a runed translucent gate.
  8535 | D:10     | Found a runed translucent gate.
  8552 | D:10     | Noticed kipponium's ghost (journeyman GnWn)
  8553 | D:10     | Found a runed translucent gate.
  8553 | D:10     | Noticed an 11-headed hydra
  8682 | D:10     | Killed a seven-headed hydra
  8853 | Lair:1   | Entered Level 1 of the Lair of Beasts
  8968 | Lair:1   | Reached XP level 12. HP: 99/107 MP: 13/16
  9376 | Lair:1   | Reached skill level 11 in Fighting
 10224 | Lair:2   | Noticed Harold
 10241 | Lair:2   | Killed Harold
 10283 | Lair:2   | Found a staircase to the Swamp.
 10283 | Lair:2   | Noticed a ghost crab
 10283 | Lair:2   | Noticed a ghost crab
 10515 | Lair:2   | Reached skill level 10 in Short Blades
 10773 | Lair:2   | Found a staircase to the Snake Pit.
 10852 | Lair:2   | Found a shadowy altar of Dithmenos.
 10945 | Lair:2   | Killed a ghost crab
 10957 | Lair:2   | Killed a ghost crab
 11157 | Lair:3   | Reached XP level 13. HP: 117/117 MP: 19/19
 11218 | Lair:3   | Reached skill level 12 in Fighting
 11233 | Lair:3   | Reached skill level 10 in Invocations
 11611 | Lair:3   | Identified the +6 flail of Death {heavy, Str+5}
 12123 | Lair:4   | Found a viscous altar of Jiyva.
 12123 | Lair:4   | Found a staircase to the Slime Pits.
 13150 | Lair:4   | Reached skill level 13 in Fighting
 13278 | Lair:4   | Reached skill level 10 in Shields
 13468 | Lair:5   | Entered Level 5 of the Lair of Beasts
 13511 | Lair:5   | Reached XP level 14. HP: 125/129 MP: 17/21
 13568 | Lair:5   | Reached ****** piety under Makhleb
 14427 | Lair:5   | Noticed a dire elephant
 14462 | Lair:5   | Killed a dire elephant
 14533 | Lair:5   | Found a burning altar of Makhleb.
 14596 | Lair:5   | Found a gateway to Hell.
 14984 | Orc:1    | Entered Level 1 of the Orcish Mines
 15113 | Orc:2    | Entered Level 2 of the Orcish Mines
 15308 | Orc:2    | Found a staircase to the Elven Halls.
 15357 | Orc:2    | Reached skill level 14 in Fighting
 15693 | Orc:2    | HP: 3/132 [ettin/+0 dire flail (16)]
 15695 | Orc:2    | Demolished by an ettin

Illustrated notes

Levels and vault maps discovered:
D:1:      onia_arrival_pyramid, layout_loops_cross, serial_glass,
          glass_columns_c, glass_columns_a, glass_columns_a, glass_columns_b,
          due_unseen_surprise, feat_on_display, serial_shops, shop,
          kennysheep_small_spiral, kennysheep_flooded_box
D:2:      minmay_spotlight, layout_loops_ring, basic_altar
D:3:      layout_basic, serial_shops, nicolae_shop_crystal, serial_rivers,
          chequers_serial_rivers_large_a, chequers_serial_rivers_micro_b,
          chequers_serial_rivers_small_b, chequers_serial_rivers_micro_b,
          chequers_serial_rivers_large_b,
          chequers_ecumenical_altar_simple_redux, kennysheep_generic_room_6
D:4:      layout_cave_pools, zin_angel, mainiacjoe_overflow_tiny_flanked,
          kennysheep_mini, chequers_jeans, minmay_a_box_with_orc_wizards_in_it,
          uniq_ijyb
D:5:      layout_basic, nicolae_wu_jian_wuxing_cycle,
          mainiacjoe_overflow_alcove_1, mainiacjoe_overflow_cross_hatched
D:6:      minmay_evil_eye, layout_cave_pods, grunt_gozag_breadcrumbs
D:7:      layout_basic, minmay_temple_entry_overgrown
D:8:      layout_rooms, nicolae_uskayaw_dance_hall, lemuel_doored_altar,
          mainiacjoe_overflow_alcove_2
D:9:      layout_gridville, uniq_pikel
D:10:     layout_irregular_city, led_xom_imps, nicolae_overflow_squiral,
          david_lair_generic, david_orc_5, gammafunk_ghost_hydra_chop,
          minmay_checkerbox
Temple:   grunt_temple_mini_profane
Lair:1:   layout_gridlike
Lair:2:   layout_chaotic_city, nicolae_swamp_entry_spooky,
          nicolae_snake_entry_warm_welcome, basic_altar, uniq_harold
Lair:3:   layout_gridlike
Lair:4:   layout_regular_city, nicolae_slime_entry_slimehenge,
          beast_lair_carwin_10
Lair:5:   evil_forest, layout_long_grid
Orc:1:    layout_caves
Orc:2:    hellmonk_orc_salted, layout_caves, basic_altar

Skill      XL: |  1  2  3  4  5  6  7  8  9 10 11 12 13 14 |
---------------+-------------------------------------------+-----
Unarmed Combat | 4 5 6 7 9 |  9.0
Fighting       | 4 5 6 7 9 10 11 13 14 | 14.1
Short Blades   | 1 2 4 5 6 7 9 10 11 | 11.5
Stealth        | 3 4 5 6 |  6.1
Shields        | 2 4 5 7 8 10 11 | 11.0
Invocations    | 2 5 7 9 11 12 | 12.3
Dodging        | |  2.6

Action                   |  1- 3 |  4- 6 |  7- 9 | 10-12 | 13-15 || total
-------------------------+-------+-------+-------+-------+-------++-------
Melee: Unarmed           |   106 |   109 |       |       |       ||   215
       Punch             |       |     2 |     1 |       |       ||     3
       Short sword       |       |    47 |   260 |   792 |  1065 ||  2164
Invok: Major Destruction |       |       |       |       |     4 ||     4
       Lesser Servant of |       |       |       |       |     3 ||     3
Evoke: Wand              |       |     3 |       |    13 |     1 ||    17
  Use: Scroll            |       |    12 |     6 |     8 |     2 ||    28
 Stab: Sleeping          |     7 |     3 |     7 |    14 |    10 ||    41
       Paralysed         |       |       |       |     4 |       ||     4
       Distracted        |       |       |       |       |     3 ||     3
Armor: Robe              |    15 |    33 |    66 |   145 |   207 ||   466
Dodge: Dodged            |    58 |    68 |    97 |   257 |   377 ||   857
Block: Buckler           |       |       |    34 |   134 |   189 ||   357

Table legend: (Time is in decaauts)
 A = Elapsed time spent in this place.
 B = Non-inter-level travel time spent in this place.
 C = Inter-level travel time spent in this place.
 D = Time resting spent in this place.
 E = Time spent auto-exploring this place.
 F = Levels seen in this place.
 G = Mean time per level.
                   A        B        C        D        E       F      G
               +--------+--------+--------+--------+--------+-----+--------+
         Total |  14872 |  14285 |    587 |      0 |  10642 |  18 |  826.2 |
       Dungeon |   8456 |   8130 |    326 |      0 |   6097 |  10 |  845.6 |
        Temple |    212 |    175 |     37 |      0 |    172 |   1 |  212.0 |
          Lair |   5625 |   5403 |    222 |      0 |   4074 |   5 | 1125.0 |
  Orcish Mines |    578 |    578 |      0 |      0 |    299 |   2 |  289.0 |
               +--------+--------+--------+--------+--------+-----+--------+

Top non-repeatable levels by time:
  Lair:5: 1212 daAuts
    D:10: 1201 daAuts
  Lair:4: 1189 daAuts
  Lair:3: 1086 daAuts
     D:6: 1081 daAuts
  Lair:2: 1070 daAuts
     D:9: 1067 daAuts
  Lair:1: 1066 daAuts
     D:3: 971 daAuts
     D:2: 767 daAuts
     D:1: 756 daAuts
     D:4: 744 daAuts
     D:7: 732 daAuts
     D:8: 618 daAuts
     D:5: 513 daAuts
